 Dungeon Crawl Stone Soup version 0.31-a0-321-g19405a7a6a (webtiles) character file.

Game seed: 1238025495395048177

798 cforsyth the Ruffian (level 7, 0/84 HPs)
             Began as a Vampire Shapeshifter on July 18, 2023.
             Killed from afar by an orc wizard (2 damage)
             ... with a puff of flame
             ... on level 5 of the Dungeon.
             The game lasted 00:04:42 (3464 turns).

cforsyth the Ruffian (Vampire Shapeshifter)         Turns: 3464, Time: 00:04:42

Health: 0/84       AC: 23    Str: 16    XL:     7   Next: 58%
Magic:  7/7        EV:  2    Int: 10    God:
Gold:   252        SH:  0    Dex: 15    Spells: 6/6 levels left

rFire   . .          .
                       - Unarmed
rCold   . . .        (no shield)
rNeg    . . .        d - melded +1 robe {rF+}
rPois   +            (helmet currently unavailable)
rElec   .            (cloak currently unavailable)
rCorr   .            (gloves currently unavailable)
SInv    +            (boots currently unavailable)
Will    .....        (no amulet)
Stlth   +            (no ring)
HPRegen 0.54/turn    (no ring)
MPRegen 0.10/turn

%: no passive effects
@: tree-form, healing quickly
A: stationary, stasis, torment immunity, boosted hp, alive, (fangs 3), see
invisible, vampiric 2
a: Exsanguinate


You were on level 5 of the Dungeon.
You were a tree.
You visited 1 branch of the dungeon, and saw 5 of its levels.

You collected 252 gold pieces.

Inventory:

Armour
 a - a +0 animal skin
 d - a +1 robe of fire resistance (melded)
Jewellery
 h - an amulet of magic regeneration
Talismans
 c - a beast talisman
Wands
 n - a wand of light (2)
Scrolls
 i - 4 scrolls of identify {unknown}
 j - a scroll of butterflies {unknown}
 k - a scroll of teleportation {unknown}
 l - a scroll of noise {unknown}
 m - a scroll of brand weapon {unknown}
 o - 2 scrolls of amnesia {unknown}
 q - a scroll of enchant armour {unknown}
Potions
 b - a potion of lignification
 e - a potion of enlightenment {unknown}
 f - 2 potions of heal wounds
 g - 2 potions of berserk rage {unknown}
 p - 2 potions of curing {unknown}
 r - a potion of haste {unknown}


   Skills:
 + Level 5.3 Fighting
 - Level 2.1 Dodging
 + Level 6.4 Unarmed Combat
 - Level 4.4 Shapeshifting


You had 6 spell levels left.
You didn't know any spells.
Your spell library was empty.

Dungeon Overview and Level Annotations

Branches:
Dungeon (5/15)
 Temple: D:4-7

Altars:
Kikubaaqudgha
Vehumet

Shops:
D:4 *


Innate Abilities, Weirdness & Mutations

You are a tree.
Your roots penetrate the ground, keeping you stationary.
You cannot be teleported.
You are immune to unholy pain and torment.
Your maximum health is greatly increased.
Your equipment is partially melded.
Your natural rate of healing is accelerated.
((You have razor-sharp teeth.))
You have supernaturally acute eyesight. (SInv)
You are afflicted with vampirism and can become a bat while bloodless.


Message History

The killer bee stings you but does no damage.
You miss the killer bee.
The killer bee is almost dead.
You feel sick.
The killer bee stings you but does no damage.
The killer bee completely misses you.
Unknown command.
You hit the killer bee.
You kill the killer bee!
You feel sick.
You are no longer poisoned.
The orc wizard mumbles some strange words.
The orc wizard flickers and vanishes for a moment.
You hit the orc.
The orc is heavily wounded.
The orc hits you but does no damage.
You hit the orc.
The orc is almost dead.
The orc hits you but does no damage.
You hit the orc.
You kill the orc!
You closely miss the orc wizard.
The orc wizard hits you but does no damage.
You barely miss the orc wizard.
You hit the orc wizard but do no damage.
The orc wizard points at you and mumbles some strange words.
You easily resist.
You hit the orc wizard. Your punch misses the orc wizard.
The orc wizard is moderately wounded.
The orc wizard completely misses you.
You hit the orc wizard. Your punch misses the orc wizard.
The orc wizard is severely wounded.
The orc wizard casts a spell at you. The puff of flame hits you!
* * * LOW HITPOINT WARNING * * *
You barely miss the orc wizard.
The orc wizard is severely wounded.
The orc wizard casts a spell at you. The puff of flame hits you.
You die...

#..)........#
##..........##
#.....8.....#
.
#..........##
..
.............#
...
.###........##
.... #
###......#
....8
###...##......
###.♣o.)....
#####..... ...
.


You could see an orc wizard (invisible).

Vanquished Creatures
  A water moccasin (D:4)
  An ogre (D:4)
  A phantom (D:5)
  4 killer bees (D:5)
  3 hounds (D:4)
  Jessica (D:2)
  A sleepcap (D:5)
  A statue (D:4)
  4 gnolls
  7 adders
  A shadow imp (D:5)
  An ufetubus (D:5)
  3 dart slugs
  4 orcs (D:5)
  10 ball pythons
  4 bats
  4 endoplasms
  A giant cockroach (D:1)
  6 hobgoblins
  4 jackals (D:1)
  4 quokkas
  4 frilled lizards
  3 goblins
  15 kobolds
  5 rats
93 creatures vanquished.

Notes
Turn   | Place    | Note
-------+----------+-------------------------------------------
     0 | D:1      | cforsyth the Vampire Shapeshifter began the quest for the
                  | Orb.
     0 | D:1      | Reached XP level 1. HP: 16/16 MP: 1/1
    69 | D:1      | Reached XP level 2. HP: 21/22 MP: 2/2
   182 | D:1      | Gained mutation: You are afflicted with vampirism and can
                  | become a bat while bloodless. [Vampire growth]
   182 | D:1      | Reached XP level 3. HP: 27/28 MP: 3/3
   911 | D:2      | Found an ancient bone altar of Kikubaaqudgha.
  1054 | D:2      | Noticed Jessica
  1060 | D:2      | Killed Jessica
  1061 | D:2      | Reached skill level 3 in Unarmed Combat
  1166 | D:2      | Found a faded altar of an unknown god.
  1223 | D:2      | Reached XP level 4. HP: 34/34 MP: 4/4
  1723 | D:3      | Reached XP level 5. HP: 41/41 MP: 5/5
  1904 | D:3      | You fall into a shaft and drop 1 floor!
  2014 | D:4      | Reached skill level 4 in Unarmed Combat
  2749 | D:4      | Noticed an ogre
  2758 | D:4      | Killed an ogre
  2759 | D:4      | Reached XP level 6. HP: 48/48 MP: 6/6
  2844 | D:4      | Found Cawuiw's Serpentskin Sales.
  2844 | D:4      | Noticed a water moccasin
  2848 | D:4      | Killed a water moccasin
  2849 | D:4      | Reached skill level 5 in Unarmed Combat
  3023 | D:4      | Found a radiant altar of Vehumet.
  3242 | D:5      | Entered Level 5 of the Dungeon
  3333 | D:5      | Reached XP level 7. HP: 52/55 MP: 7/7
  3432 | D:5      | Reached skill level 5 in Fighting
  3432 | D:5      | Reached skill level 6 in Unarmed Combat
  3463 | D:5      | HP: 2/84 [orc wizard/puff of flame (13)]
  3464 | D:5      | Killed from afar by an orc wizard

Illustrated notes

Levels and vault maps discovered:
D:1:      minmay_arrival_plants_in_alcoves, layout_loops_ring, minmay_ruptured
D:2:      cheibrodos_old_hovel, layout_basic,
          hellmonk_ecumenical_altar_leap_of_faith, basic_altar,
          kennysheep_jessica_study
D:3:      layout_basic, lexackson_kobold_supper
D:4:      layout_basic, vehumet_statue, guppyfry_shop_venom
D:5:      minmay_skewed_foursquare, layout_rooms,
          minmay_temple_entry_butterflies

Skill      XL: |  1  2  3  4  5  6  7 |
---------------+----------------------+-----
Fighting       | 2 3 4 5 |  5.3
Unarmed Combat | 3 4 5 6 |  6.4
Shapeshifting  | 4 |  4.4
Dodging        | |  2.1

Action                     |  1- 3 |  4- 6 |  7- 9 || total
---------------------------+-------+-------+-------++-------
  Melee: Unarmed           |    80 |   134 |    45 ||   259
         Bite              |     8 |    17 |     2 ||    27
         Punch             |     1 |     3 |       ||     4
  Evoke: Wand              |       |     3 |     3 ||     6
    Use: Potion            |       |       |     2 ||     2
   Stab: Sleeping          |     3 |     2 |       ||     5
         Invisible         |       |     2 |     4 ||     6
 Armour: Robe              |    20 |    25 |     3 ||    48
         Skin              |       |       |    17 ||    17
  Dodge: Dodged            |    56 |    74 |    22 ||   152

Table legend: (Time is in decaauts)
 A = Elapsed time spent in this place.
 B = Non-inter-level travel time spent in this place.
 C = Inter-level travel time spent in this place.
 D = Time resting spent in this place.
 E = Time spent auto-exploring this place.
 F = Levels seen in this place.
 G = Mean time per level.
                   A        B        C        D        E       F      G
               +--------+--------+--------+--------+--------+-----+--------+
         Total |   3445 |   3250 |    195 |     12 |   2681 |   5 |  689.0 |
       Dungeon |   3445 |   3250 |    195 |     12 |   2681 |   5 |  689.0 |
               +--------+--------+--------+--------+--------+-----+--------+

Top non-repeatable levels by time:
     D:4: 933 daAuts
     D:3: 887 daAuts
     D:2: 710 daAuts
     D:1: 699 daAuts
     D:5: 215 daAuts
